Selects Luftwaffe Battlegroup
Selects Luftwaffe Pioneer Support
Fallschirmpioneer Squad Paradrop
Construct Infanterie Kompanie
Fallschirmpioneer Squad Paradrop
Fallschirmpioneer Squad Paradrop
Construct Luftwaffe Kompanie
Fallschirmpioneer Squad Paradrop
Selects Reconnaissance Run
Selects Fallschirmjäger Squad Paradrop
Selects Fragmentation Bombs
Fallschirmpioneer Squad Paradrop
Selects LG40 Recoilless Gun Paradrop
Selects Flak 36 Anti-tank Gun Emplacement
Luftwaffe Officer Quarters
Fallschirmpioneer Squad Paradrop
LG40 Recoilless Gun Paradrop
Marder III M Tank Destroyer
LG40 Recoilless Gun Paradrop
Marder III M Tank Destroyer
Marder III M Tank Destroyer
Marder III M Tank Destroyer
Marder III M Tank Destroyer
LG40 Recoilless Gun Paradrop
Marder III M Tank Destroyer
Fallschirmjäger Squad Paradrop
Marder III M Tank Destroyer
Flak 30 Anti-aircraft Gun Team
Marder III M Tank Destroyer
Flak 30 Anti-aircraft Gun Team